 Dungeon Crawl Stone Soup version 0.28-a0-863-g8cecda6153 (webtiles) character file.

Game seed: 17699880250837922516

109 jasper the Chopper (level 4, -2/35 HPs)
             Began as a Demonspawn Berserker on Nov 18, 2021.
             Was a Believer of Trog.
             Slain by a mummy (15 damage)
             ... on level 4 of the Dungeon.
             The game lasted 00:06:42 (3235 turns).

jasper the Chopper (Demonspawn Berserker)           Turns: 3235, Time: 00:06:43

Health: -2/35      AC:  8    Str: 17    XL:     4   Next: 60%
Magic:  4/4        EV: 12    Int:  8    God:    Trog [**....]
Gold:   160        SH:  4    Dex: 20    Spells: 3/3 levels left

rFire   . . .      SeeInvis .   i - +0 battleaxe
rCold   . . .      Faith    .   (shield currently unavailable)
rNeg    . . .      Spirit   .   l - +0 chain mail
rPois   .          Reflect  .   (no helmet)
rElec   .          Harm     .   (no cloak)
rCorr   .          Rampage  .   (no gloves)
Will    .....                   (no boots)
Stlth   ..........              (no amulet)
HPRegen 0.11/turn               s - +6 ring of dexterity
MPRegen 0.09/turn               (no ring)

@: agile
A: powered by pain 1, condensation shield
a: Renounce Religion, Berserk, Trog's Hand


You were on level 4 of the Dungeon.
You worshipped Trog.
Trog was pleased with you.
You visited 1 branch of the dungeon, and saw 4 of its levels.

You collected 160 gold pieces.

Inventory:

Hand Weapons
 a - a +0 hand axe
 i - a +0 battleaxe (weapon)
 n - a +0 morningstar
 o - a +0 flail
Missiles
 e - 10 poisoned darts (quivered)
 f - 5 javelins
 g - 42 sling bullets
 j - 3 silver boomerangs
 p - 6 boomerangs
Armour
 b - a +0 animal skin
 l - a +0 chain mail (worn)
Jewellery
 s - a +6 ring of dexterity (left hand)
Scrolls
 k - a scroll of amnesia
 t - a scroll of teleportation
Potions
 c - 2 potions of flight
 d - a potion of haste
 h - a potion of brilliance
 m - a potion of magic {unknown}


   Skills:
 - Level 3.0 Fighting
 + Level 4.9 Axes
 - Level 1.7 Armour
 - Level 1.7 Dodging


You had 3 spell levels left.
You didn't know any spells.
Your spell library was empty.

Dungeon Overview and Level Annotations

Branches:
Dungeon (4/15)
 Temple: D:4-7

Altars:

Portals:
Ossuary: D:4


Innate Abilities, Weirdness & Mutations

You sometimes gain a little power by taking damage.
A meltable shield of frost defends you. (SH +4)


Message History

You feel strong-willed. The orc barely misses you.
You hit the orc.
The orc is severely wounded.
The orc hits you but does no damage. The orc barely misses you.
You slash the orc!
You kill the orc!
Trog accepts your kill.
You regained 2 hp, and now have 15/35 hp.
Items here: )))) [[[ †.
You feel the effects of Trog's Hand fading.
Items here: )))) [[[ †.
o - a +0 flail You hear the slow hiss of an avalanche of sand.
You regained 2 hp, and now have 21/35 hp.
You start resting.
Your skin stops crawling.
You feel less strong-willed.
You start resting.
You hear the slow hiss of an avalanche of sand.
You regained 6 hp, and now have 28/35 hp.
You start resting.
You hear the slow hiss of an avalanche of sand.
You regained 6 hp, and now have 34/35 hp.
You open the door.
A mummy comes into view.
Found a sand-covered staircase.
The mummy hits you!
There is an open door, spattered with blood here.
You take 9 damage, and have 25/35 hp.
MASSIVE DAMAGE!!
You completely miss the mummy. The mummy barely misses you.
You completely miss the mummy. You slash the mummy!
The mummy is almost destroyed.
The mummy hits you!
You focus on the pain.
You feel agile all of a sudden.
You take 13 damage, and have 12/35 hp.
MASSIVE DAMAGE!!
You hit the mummy but do no damage.
The mummy is almost destroyed.
The mummy hits you!
You die...

#.. ..... #..
....... #$.
.......# #..
#......###..###
......##.. #M#
#.......###@###.###
#...[....).........
##......##..#####..
##....##.....##
##<..##......#
#....#.).....#
##...#........#
#.............#
##.............


You could see a mummy.

Vanquished Creatures
  4 adders
  3 dart slugs
  6 orcs
  4 ball pythons
  7 endoplasms
  3 giant cockroaches
  3 hobgoblins
  4 jackals
  3 quokkas
  5 bats
  2 frilled lizards (D:2)
  3 goblins
  5 kobolds
  6 rats
58 creatures vanquished.

Notes
Turn   | Place    | Note
-------+----------+-------------------------------------------
     0 | D:1      | jasper the Demonspawn Berserker began the quest for the
                  | Orb.
     0 | D:1      | Reached XP level 1. HP: 18/18 MP: 1/1
    48 | D:1      | Reached skill level 3 in Axes
   168 | D:1      | Gained mutation: A meltable shield of frost defends you.
                  | (SH +4) [demonic ancestry]
   168 | D:1      | Reached XP level 2. HP: 10/24 MP: 2/2
  1465 | D:2      | Gained mutation: You sometimes gain a little power by
                  | taking damage. [demonic ancestry]
  1465 | D:2      | Reached XP level 3. HP: 24/29 MP: 3/3
  1809 | D:2      | Reached skill level 4 in Axes
  2009 | D:2      | Reached ** piety under Trog
  2527 | D:3      | Reached XP level 4. HP: 29/35 MP: 4/4
  2879 | D:3      | Found a faded altar of an unknown god.
  3230 | D:4      | Found a sand-covered staircase.
  3235 | D:4      | Slain by a mummy

Illustrated notes

Levels and vault maps discovered:
D:1:      lemuel_arrival_lava_pool, layout_basic, kennysheep_minor_cross
D:2:      minmay_general_purpose_star, layout_rooms
D:3:      wander_river, layout_rooms, ebering_ecumenical_altar_hall
D:4:      layout_cave_pods, gammafunk_ghost_mausoleum,
          nicolae_ossuary_entry_giza, grunt_ministairs_5, minmay_snake_closets,
          uniq_robin

Skill      XL: |  1  2  3 |
---------------+----------+-----
Axes           | 3 4 |  4.9
Fighting       | |  3.0
Armour         | |  1.7
Dodging        | |  1.7

Action                   |  1- 3 |  4- 6 || total
-------------------------+-------+-------++-------
Melee: Hand axe          |    53 |       ||    53
       Battleaxe         |    63 |    35 ||    98
Throw: Dart              |    37 |     9 ||    46
Invok: Trog's Hand       |       |     1 ||     1
  Use: Scroll            |     8 |     3 ||    11
 Stab: Sleeping          |     2 |       ||     2
Armor: Animal skin       |    17 |       ||    17
       Chain mail        |     4 |    23 ||    27
Dodge: Dodged            |    64 |    16 ||    80
Block: Other             |    22 |     4 ||    26

Table legend: (Time is in decaauts)
 A = Elapsed time spent in this place.
 B = Non-inter-level travel time spent in this place.
 C = Inter-level travel time spent in this place.
 D = Time resting spent in this place.
 E = Time spent auto-exploring this place.
 F = Levels seen in this place.
 G = Mean time per level.
                   A        B        C        D        E       F      G
               +--------+--------+--------+--------+--------+-----+--------+
         Total |   3311 |   3230 |     81 |    930 |   1705 |   4 |  827.8 |
       Dungeon |   3311 |   3230 |     81 |    930 |   1705 |   4 |  827.8 |
               +--------+--------+--------+--------+--------+-----+--------+

Top non-repeatable levels by time:
     D:1: 1454 daAuts
     D:2: 1017 daAuts
     D:3: 680 daAuts
     D:4: 159 daAuts
